 Dungeon Crawl Stone Soup version 0.19-a0-1899-g2d93087 (console) character file.

646 ChaseSP the Spear-Bearer (level 7, 0/50 HPs)
             Began as a Merfolk Gladiator on Oct 20, 2016.
             Was a Follower of Okawaru.
             Slain by Menkaure (20 damage)
             ... on level 5 of the Dungeon.
             The game lasted 00:07:47 (3937 turns).

ChaseSP the Spear-Bearer (Merfolk Gladiator)        Turns: 3937, Time: 00:07:48

Health: 0/50       AC:  9    Str: 15    XL:     7   Next: 52%
Magic:  7/7        EV:  8    Int:  7    God:    Okawaru [*.....]
Gold:   268        SH:  0    Dex: 17    Spells: 0 memorised, 6 levels left

rFire  . . .     SeeInvis .     a - +0 trident
rCold  . . .     Gourm    .     j - +0 chain mail (curse)
rNeg   . . .     Faith    .     (no shield)
rPois  .         Spirit   .     c - +0 helmet
rElec  .         Reflect  .     (no cloak)
rCorr  .         Harm     .     (no gloves)
MR     .....                    (no boots)
Stlth  ..........               (no amulet)
                                (no ring)
                                o - ring of stealth

@: no status effects
A: change form in water, swift swim, stealthy swim
a: Heroism, Renounce Religion


You were on level 5 of the Dungeon.
You worshipped Okawaru.
Okawaru was aware of your devotion.
You were not hungry.

You visited 2 branches of the dungeon, and saw 6 of its levels.

You collected 268 gold pieces.

Inventory:

Hand Weapons
 a - a +0 trident (weapon)
Missiles
 d - 3 throwing nets (quivered)
Armour
 c - a +0 helmet (worn)
 j - a cursed +0 chain mail (worn)
Jewellery
 o - a ring of stealth (left hand)
Scrolls
 e - a scroll of identify
 g - a scroll of amnesia {unknown}
 h - a scroll of noise {unknown}
 i - 3 scrolls of immolation {unknown}
 k - a scroll of remove curse {unknown}
 p - a scroll of teleportation {unknown}
 s - a scroll of fog {unknown}
Potions
 b - 3 potions of flight
 l - a potion of cure mutation {unknown}
 m - a potion of magic {unknown}
 n - a potion of lignification {unknown}
Comestibles
 f - 7 bread rations
 q - a slice of pizza
 t - 5 fruits


   Skills:
 - Level 2.1 Fighting
 + Level 11.8 Polearms
 - Level 2.0 Throwing
 - Level 4.0 Dodging


You had 6 spell levels left.
You didn't know any spells.

Dungeon Overview and Level Annotations

Branches:
Dungeon (5/15)             Temple (1/1) D:4

Altars:
Ashenzari
Cheibriados
Dithmenos
Elyvilon
Fedhas
Gozag
Hepliaklqana
Kikubaaqudgha
Makhleb
Nemelex Xobeh
Okawaru
Qazlal
Ru
Sif Muna
Trog
Uskayaw
Vehumet
Xom
Yredelemnul
Zin
The Shining One

Annotations:
D:3 lunkers's ghost, amateur HaWr
D:5 Menkaure


Message History

Menkaure shouts!
Menkaure casts a spell.
Menkaure seems to speed up.
Evoke which item? (* to show all) (? for menu, Esc to quit)
Okay, then.
Menkaure calls on the powers of darkness!
Your body is wracked with pain!
Menkaure gestures at you while chanting.
You struggle to resist.
You hit Menkaure.
Menkaure is lightly damaged.
You hit Menkaure.
Menkaure is moderately damaged.
Menkaure gestures at you while chanting.
Pain shoots through your body!
You hit Menkaure but do no damage.
Menkaure is moderately damaged.
Menkaure giggles, "These cerements are ticklish..."
Menkaure hits you!!
You die...

# #.# # #.# # #.# # #.# #
#.# # #.# # #.##### #
#.....###########..
###########)....@M.......
<...............#########
#################


You could see Menkaure.

Vanquished Creatures
  Eustachio (D:5)
  The ghost of FrankyJ the Caller, an amateur VSSu (D:4)
  An ogre (D:4)
  A centaur skeleton (D:5)
  An orc priest (D:4)
  2 hounds
  5 gnolls
  3 adders
  A worm (D:4)
  8 dart slugs
  2 leopard geckos (D:3)
  16 orcs
  3 giant cockroaches
  9 goblins
  9 hobgoblins
  2 jackals (D:1)
  A quokka (D:3)
  2 ball pythons
  12 bats
  4 frilled lizards
  6 kobolds
  5 rats
95 creatures vanquished.

Notes
Turn   | Place    | Note
-------+----------+-------------------------------------------
     0 | D:1      | ChaseSP the Merfolk Gladiator began the quest for the Orb.
     0 | D:1      | Reached XP level 1. HP: 16/16 MP: 1/1
   140 | D:1      | Reached skill level 5 in Polearms
   140 | D:1      | Reached XP level 2. HP: 22/22 MP: 2/2
   349 | D:1      | Reached skill level 6 in Polearms
   349 | D:1      | Reached XP level 3. HP: 21/27 MP: 3/3
  1204 | D:2      | Reached XP level 4. HP: 33/33 MP: 4/4
  1289 | D:2      | Reached skill level 7 in Polearms
  1879 | D:3      | Reached skill level 8 in Polearms
  1885 | D:3      | Reached XP level 5. HP: 38/38 MP: 5/5
  2050 | D:3      | Noticed lunkers's ghost (amateur HaWr)
  2366 | D:4      | Found a staircase to the Ecumenical Temple.
  2378 | Temple   | Entered the Ecumenical Temple
  2430 | Temple   | Became a worshipper of Warmaster Okawaru
  2555 | D:4      | Reached skill level 9 in Polearms
  2895 | D:4      | Noticed FrankyJ's ghost (amateur VSSu)
  2916 | D:4      | Killed FrankyJ's ghost
  2916 | D:4      | Reached skill level 10 in Polearms
  2916 | D:4      | Reached XP level 6. HP: 2/44 MP: 6/6
  3468 | D:5      | Entered Level 5 of the Dungeon
  3519 | D:5      | Reached XP level 7. HP: 48/50 MP: 7/7
  3598 | D:5      | Reached * piety under Okawaru
  3598 | D:5      | Reached skill level 11 in Polearms
  3656 | D:5      | Noticed Eustachio
  3705 | D:5      | Killed Eustachio
  3927 | D:5      | Noticed Menkaure
  3937 | D:5      | Slain by Menkaure

Vault maps used:
D:1:      minmay_arrival_glassed_features, wad_floor_pattern_1
D:2:      st_stairs_13
D:3:      first_bread
D:5:      uniq_menkaure, uniq_eustachio, uniq_sigmund
Temple:   grunt_wide_crystal_templ

Skill      XL: |  1  2  3  4  5  6  7 |
---------------+----------------------+-----
Polearms       | 5 6 8 10 11 | 11.8
Fighting       | |  2.1
Throwing       | |  2.0
Dodging        | |  4.0

Action                   |  1- 3 |  4- 6 |  7- 9 || total
-------------------------+-------+-------+-------++-------
Melee: Trident           |   141 |   262 |    71 ||   474
  Use: Scroll            |       |     1 |     1 ||     2
  Eat: Chunk             |     1 |     8 |     1 ||    10
Armor: Leather armour    |    13 |       |       ||    13
       Ring mail         |    15 |       |       ||    15
       Chain mail        |     6 |   108 |    25 ||   139
Dodge: Dodged            |    70 |    80 |    30 ||   180
